 Dungeon Crawl Stone Soup version 0.30.1-11-g7821555f0a (webtiles) character file.

Game seed: 12897504751364538610

56 Blackbelt the Ducker (level 3, -5/42 HPs)
             Began as a Demonspawn Gladiator on Dec 1, 2023.
             Slain by an orc
             ... wielding a +0 flail
              (6 damage)
             ... on level 2 of the Dungeon.
             The game lasted 00:03:35 (1223 turns).

Blackbelt the Ducker (Demonspawn Gladiator)         Turns: 1223, Time: 00:03:37

Health: -5/42      AC: 21    Str: 16    XL:     3   Next: 69%
Magic:  3/3        EV:  2    Int:  9    God:
Gold:   96         SH:  0    Dex: 14    Spells: 2/2 levels left

rFire   . . .        a - +1 long sword
rCold   . . .        (no shield)
rNeg    . . .        i - melded +0 ring mail
rPois   +            c - melded +0 helmet
rElec   .            (cloak currently unavailable)
rCorr   .            (gloves currently unavailable)
SInv    .            (boots currently unavailable)
Will    .....        (no amulet)
Stlth   +            (no ring)
HPRegen 0.27/turn    (no ring)
MPRegen 0.08/turn

%: no passive effects
@: brilliant, lethally poisoned (-5 -> -8), tree-form (expiring)
A: stationary, stasis, torment immunity, boosted hp, (spiny 1)
a: no special abilities


You were on level 2 of the Dungeon.
You were a tree.
You visited 1 branch of the dungeon, and saw 2 of its levels.

You collected 96 gold pieces.

Inventory:

Hand Weapons
 a - a +1 long sword (weapon)
Missiles
 d - 3 throwing nets (quivered)
 e - a javelin
Armour
 b - a +0 leather armour
 c - a +0 helmet (melded)
 i - a +0 ring mail (melded)
Scrolls
 k - a scroll of noise
 n - a scroll of identify


   Skills:
 + Level 2.8 Fighting
 + Level 3.3 Long Blades
 - Level 1.7 Throwing
 + Level 3.3 Dodging


You had 2 spell levels left.
You didn't know any spells.
Your spell library contained the following spells:

 Spells                   Type           Power      Damage    Failure   Level
 Slow                     Hex            0%         N/A       38%         1
 Confusing Touch          Hex            0%         N/A       77%         3
 Vampiric Draining        Necr           0%         2d6       77%         3


Dungeon Overview and Level Annotations

Branches:
Dungeon (2/15)

Altars:


Innate Abilities, Weirdness & Mutations

You are a tree.
Your roots penetrate the ground, keeping you stationary.
You cannot be teleported.
You are immune to unholy pain and torment.
Your maximum health is greatly increased.
Your equipment is partially melded.
((You are partially covered in sharp spines.))


Message History

As you read the scroll labelled LIUHER ZUKLA, it crumbles to dust.
It is a scroll of identify.
k - a scroll of noise You feel sick.
The orc wizard hits you but does no damage.
The orc priest looks satisfied for a moment.
The orc hits you but does no damage.
You feel more clever all of a sudden.
You feel sick. The orc wizard barely misses you.
You closely miss the orc wizard.
You feel sick.
The orc wizard hits you but does no damage.
You are lethally poisoned!
The orc hits you but does no damage. x2
You barely miss the orc wizard. Your punch misses the orc wizard.
Your transformation is almost over.
* * * LOW HITPOINT WARNING * * *
You feel very sick. The orc hits you with a +0 whip.
* * * LOW HITPOINT WARNING * * *
The orc wizard hits you but does no damage.
The orc hits you but does no damage.
You hit the orc wizard.
The orc wizard is moderately wounded.
* * * LOW HITPOINT WARNING * * *
You feel sick.
The orc wizard hits you but does no damage.
The orc hits you but does no damage. The orc completely misses you.
You hit the orc wizard.
The orc wizard is heavily wounded.
* * * LOW HITPOINT WARNING * * *
You feel sick.
The orc wizard hits you but does no damage.
The orc barely misses you. The orc hits you but does no damage.
You hit the orc wizard.
The orc wizard is heavily wounded.
* * * LOW HITPOINT WARNING * * *
You feel sick.
The orc wizard hits you but does no damage.
The orc hits you with a +0 flail.
You die...

###########
#.........#############
#...........##.........
##...........##.........
#...#####....##.........
#...###.'.....#..†......
#....##.#......§o.......
#.†.)...#...#..#o###....
..............§#♣# .
...#..#.......§oo§§.....
...#..#.#.....§##§§§.#..
..................§..#
........#...#........#
.###....#.....###....#....
. .. #.......#### ....#...#
.# ..
##...#).#######'###...####.
+.............. +...+...


You could see an orc priest, an orc wizard and 2 orcs.

Vanquished Creatures
  2 dart slugs
  An orc (D:2)
  6 ball pythons
  3 endoplasms
  2 giant cockroaches
  5 goblins
  7 hobgoblins
  2 quokkas
  4 bats
  3 frilled lizards
  6 kobolds
  5 rats
46 creatures vanquished.

Notes
Turn   | Place    | Note
-------+----------+-------------------------------------------
     0 | D:1      | Blackbelt the Demonspawn Gladiator began the quest for the
                  | Orb.
     0 | D:1      | Reached XP level 1. HP: 16/16 MP: 1/1
   227 | D:1      | Gained mutation: You are partially covered in sharp spines.
                  | [demonic ancestry]
   227 | D:1      | Reached XP level 2. HP: 22/22 MP: 2/2
   791 | D:1      | Reached XP level 3. HP: 28/28 MP: 3/3
  1222 | D:2      | HP: 2/42 [poisoned by an orc wizard]
  1223 | D:2      | Slain by an orc

Illustrated notes

Levels and vault maps discovered:
D:1:      kennysheep_arrival_forest, layout_basic, kennysheep_pointless_box
D:2:      layout_basic

Skill      XL: |  1  2 |
---------------+-------+-----
Dodging        | 3 |  3.3
Long Blades    | 3 |  3.3
Fighting       | |  2.8
Throwing       | |  1.7

Action                     || total
---------------------------++-------
  Melee: Long sword        ||   102
    Use: Potion            ||     7
         Scroll            ||     3
 Armour: Leather armour    ||     9
         Ring mail         ||    15
         Skin              ||    19
  Dodge: Dodged            ||    67
